3L
BROOKLYN DODGERS @ ATHLETIC CLUB KC
08/08/2041
 
TOP OF THE 1ST
Brooklyn Dodgers batting - Pitching for Athletic Club KC : LHP Marcos Tejedor
Pitching: LHP Marcos Tejedor
Batting: RHB Quindarious Monday 0-0: Ball
1-0: Ball
2-0: Ball
3-0: Base on Balls
Batting: SHB Koryusai Ohayashi 0-0: Called Strike
0-1: Ball
1-1: Ball
2-1: Foul Ball, location: 2F
2-2: Strikes out looking
Batting: LHB Tony Wonder 0-0: Fielders Choice at 2nd, 4-6 (Groundball, 4, EV 100.0 MPH)
Batting: RHB Bill Chaundler 0-0: Ball
1-0: Called Strike
Tony Wonder steals 2nd, throwing error, E2
Tony Wonder to third
1-1: Swinging Strike
1-2: SINGLE (Groundball, 6MD, EV 105.0 MPH)
Tony Wonder scores
Batting: LHB Jung-joon Yi 0-0: Ball
1-0: Called Strike
1-1: DOUBLE (Line Drive, 89M, EV 98.1 MPH)
Bill Chaundler to third
Batting: RHB Phil Sherman 0-0: Called Strike
0-1: Foul Ball, location: 2F
0-2: Ball
1-2: Ball
2-2: Ball
3-2: Base on Balls
Batting: SHB Fa-hsien Tze 0-0: Ball
1-0: SINGLE (Groundball, 4MD, EV 105.6 MPH)
Bill Chaundler scores
Jung-joon Yi to third
Phil Sherman to second
Runner from 3rd tries for Home, throw by CF and OUT! 8-2
Top of the 1st over - 2 runs, 3 hits, 1 error, 2 left on base; Brooklyn 2 - Athletic Club KC 0
BOTTOM OF THE 1ST
Athletic Club KC batting - Pitching for Brooklyn Dodgers : RHP Rod Watts
Pitching: RHP Rod Watts
Batting: LHB César Núñez 0-0: Called Strike
0-1: Ball
1-1: Foul Ball, location: 2F
1-2: Fly out, F7 (Flyball, 78S, EV 74.4 MPH)
Batting: RHB Ali Ben Bongo 0-0: Called Strike
0-1: Ball
1-1: Foul Ball, location: 2F
1-2: Fly out, F4 (Popup, 4S, EV 78.1 MPH)
Batting: RHB Jimbob Ghostkeeper 0-0: Called Strike
0-1: Ball
1-1: DOUBLE (Line Drive, 9LS, EV 98.8 MPH)
Batting: RHB Shou-xin Quian 0-0: Ball
1-0: Fly out, F2 (Popup, 3SF, EV 80.6 MPH)
Bottom of the 1st over - 0 runs, 1 hit, 0 errors, 1 left on base; Brooklyn 2 - Athletic Club KC 0
TOP OF THE 2ND
Brooklyn Dodgers batting - Pitching for Athletic Club KC : LHP Marcos Tejedor
Batting: RHB Fytor Ceia 0-0: SINGLE (Flyball, 89M, EV 86.2 MPH)
Batting: RHB Germán Espantoso 0-0: SINGLE (Groundball, 56S, EV 72.5 MPH) (infield hit)
Fytor Ceia to second
Batting: RHB Quindarious Monday 0-0: Fly out, F8 (Flyball, 8RD, EV 106.2 MPH)
Batting: SHB Koryusai Ohayashi 0-0: Foul Ball, location: 2F
0-1: Foul Ball, location: 2F
0-2: Foul Ball, location: 2F
0-2: Foul Ball, location: 2F
0-2: Ball
1-2: Strikes out swinging
Batting: LHB Tony Wonder 0-0: Ground out 1-3 (Groundball, 34S, EV 88.1 MPH)
Top of the 2nd over - 0 runs, 2 hits, 0 errors, 2 left on base; Brooklyn 2 - Athletic Club KC 0
BOTTOM OF THE 2ND
Athletic Club KC batting - Pitching for Brooklyn Dodgers : RHP Rod Watts
Batting: LHB Miguel Fernández 0-0: Ground out U3 (Groundball, 3L, EV 91.2 MPH)
Batting: RHB José de la Cavallería 0-0: Called Strike
0-1: Swinging Strike
0-2: Strikes out swinging
Batting: SHB Noel Lancaster 0-0: Reached on error, E6 (Groundball, 6, EV 96.2 MPH)
Batting: RHB Shane Reyes 0-0: Called Strike
0-1: Ball
1-1: DOUBLE (Line Drive, 9LS, EV 92.5 MPH)
Noel Lancaster scores
Batting: RHB Gabriel Martínez 0-0: Ball
1-0: Swinging Strike
1-1: Ball
2-1: Swinging Strike
2-2: Ball
3-2: 2-RUN HOME RUN (Flyball, 78XD, EV 106.2 MPH), Distance : 411 ft
Batting: LHB César Núñez 0-0: Ball
1-0: Fly out, F4 (Popup, 4, EV 75.6 MPH)
Bottom of the 2nd over - 3 runs, 2 hits, 1 error, 0 left on base; Brooklyn 2 - Athletic Club KC 3
TOP OF THE 3RD
Brooklyn Dodgers batting - Pitching for Athletic Club KC : LHP Marcos Tejedor
Batting: RHB Bill Chaundler 0-0: Ball
1-0: Foul Ball, location: 2F
1-1: Called Strike
1-2: Ball
2-2: Foul Ball, location: 2F
2-2: DOUBLE (Line Drive, 89D, EV 106.9 MPH)
Batting: LHB Jung-joon Yi 0-0: Swinging Strike
0-1: Foul Ball, location: 2F
0-2: Strikes out swinging
Batting: RHB Phil Sherman 0-0: Ball
1-0: Fly out, F9 (Flyball, 9LS, EV 91.2 MPH)
Batting: SHB Fa-hsien Tze 0-0: Foul Ball, location: 2F
0-1: Ball
1-1: Foul Ball, location: 2F
1-2: Ground out 5-3 (Groundball, 5, EV 85.6 MPH)
Top of the 3rd over - 0 runs, 1 hit, 0 errors, 1 left on base; Brooklyn 2 - Athletic Club KC 3
BOTTOM OF THE 3RD
Athletic Club KC batting - Pitching for Brooklyn Dodgers : RHP Rod Watts
Batting: RHB Ali Ben Bongo 0-0: Foul Ball, location: 2F
0-1: Ball
1-1: Foul Ball, location: 2F
1-2: Ground out 2-3 (Groundball, 2L, EV 70.6 MPH)
Batting: RHB Jimbob Ghostkeeper 0-0: Ball
1-0: Foul Ball, location: 2F
1-1: SINGLE (Groundball, 56D, EV 94.4 MPH)
Batting: RHB Shou-xin Quian 0-0: Ball
1-0: Fielders Choice at 2nd, 1-4 (Groundball, P, EV 92.5 MPH)
Batting: LHB Miguel Fernández 0-0: Ball
1-0: Fly out, F5 (Popup, 56, EV 75.6 MPH)
Bottom of the 3rd over - 0 runs, 1 hit, 0 errors, 1 left on base; Brooklyn 2 - Athletic Club KC 3
TOP OF THE 4TH
Brooklyn Dodgers batting - Pitching for Athletic Club KC : LHP Marcos Tejedor
Batting: RHB Fytor Ceia 0-0: Called Strike
0-1: Ball
1-1: Ball
2-1: Swinging Strike
2-2: SINGLE (Line Drive, 89S, EV 101.9 MPH)
Batting: RHB Germán Espantoso 0-0: Ball
1-0: SINGLE (Groundball, 34, EV 103.1 MPH) (infield hit)
Fytor Ceia to second
Batting: RHB Quindarious Monday 0-0: Fly out, F8 (Flyball, 8LM, EV 95.6 MPH)
Batting: SHB Koryusai Ohayashi 0-0: Ball
1-0: Called Strike
1-1: Swinging Strike
1-2: Fielders Choice at 2nd, 4-6 (Groundball, 4, EV 86.2 MPH)
Fytor Ceia to third
Batting: LHB Tony Wonder Pickoff Throw to First - Out! 1-3
Top of the 4th over - 0 runs, 2 hits, 0 errors, 1 left on base; Brooklyn 2 - Athletic Club KC 3
BOTTOM OF THE 4TH
Athletic Club KC batting - Pitching for Brooklyn Dodgers : RHP Rod Watts
Batting: RHB José de la Cavallería 0-0: DOUBLE (Groundball, 3L, EV 101.2 MPH)
Batting: SHB Noel Lancaster 0-0: Called Strike
0-1: Reached on error, E3 (Groundball, 34, EV 91.9 MPH)
José de la Cavallería to third
Batting: RHB Shane Reyes 0-0: Grounds into double play, 5-4-3 (Groundball, 56S, EV 78.8 MPH)
José de la Cavallería scores
Batting: RHB Gabriel Martínez 0-0: Ball
1-0: Ground out 5-3 (Groundball, 56, EV 85.0 MPH)
Bottom of the 4th over - 1 run, 1 hit, 1 error, 0 left on base; Brooklyn 2 - Athletic Club KC 4
TOP OF THE 5TH
Brooklyn Dodgers batting - Pitching for Athletic Club KC : LHP Marcos Tejedor
Batting: LHB Tony Wonder 0-0: Foul Ball, location: 2F
0-1: DOUBLE (Line Drive, 78D, EV 108.1 MPH)
Batting: RHB Bill Chaundler 0-0: Called Strike
0-1: Ball
1-1: SINGLE (Line Drive, 4D, EV 108.1 MPH)
Tony Wonder to third
Runner from 3rd tries for Home, SAFE, throw by CF to home
Batting: LHB Jung-joon Yi 0-0: Foul Ball, location: 2F
0-1: Foul Ball, location: 2F
0-2: Ball
1-2: Ball
2-2: Foul Ball, location: 2F
2-2: Strikes out swinging
Batting: RHB Phil Sherman 0-0: Swinging Strike
0-1: Ball
1-1: Ball
2-1: Foul Ball, location: 2F
2-2: Fly out, F8 (Flyball, 8RD, EV 98.1 MPH)
Batting: SHB Fa-hsien Tze 0-0: Ball
1-0: Ball
2-0: Foul Ball, location: 2F
2-1: SINGLE (Line Drive, 34D, EV 104.4 MPH)
Bill Chaundler to second
Runner from 2nd tries for 3rd, SAFE, no throw by RF
Batting: RHB Fytor Ceia 0-0: Called Strike
0-1: Called Strike
0-2: Ball
1-2: Ball
2-2: Ball
3-2: Strikes out swinging
Top of the 5th over - 1 run, 3 hits, 0 errors, 2 left on base; Brooklyn 3 - Athletic Club KC 4
BOTTOM OF THE 5TH
Athletic Club KC batting - Pitching for Brooklyn Dodgers : RHP Rod Watts
Batting: LHB César Núñez 0-0: Called Strike
0-1: Ball
1-1: Ball
2-1: Foul Ball, location: 2F
2-2: Ground out 4-3 (Groundball, 4, EV 82.5 MPH)
Batting: RHB Ali Ben Bongo 0-0: Swinging Strike
0-1: Ball
1-1: Called Strike
1-2: Ball
2-2: Ball
3-2: Strikes out swinging
Batting: RHB Jimbob Ghostkeeper 0-0: Ball
1-0: SOLO HOME RUN (Flyball, 9D, EV 104.4 MPH), Distance : 380 ft
Batting: RHB Shou-xin Quian 0-0: Called Strike
0-1: Called Strike
0-2: Fly out, F8 (Flyball, 78D, EV 78.8 MPH)
Bottom of the 5th over - 1 run, 1 hit, 0 errors, 0 left on base; Brooklyn 3 - Athletic Club KC 5
TOP OF THE 6TH
Brooklyn Dodgers batting - Pitching for Athletic Club KC : LHP Marcos Tejedor
Batting: RHB Germán Espantoso 0-0: Foul Ball, location: 2F
0-1: Called Strike
0-2: Fly out, F7 (Flyball, 7, EV 91.9 MPH)
Batting: RHB Quindarious Monday 0-0: Fly out, F9 (Line Drive, 9S, EV 97.5 MPH)
Batting: SHB Koryusai Ohayashi 0-0: Ball
1-0: Ball
2-0: DOUBLE (Flyball, 8RXD, EV 93.8 MPH)
Batting: LHB Tony Wonder 0-0: Swinging Strike
0-1: Fly out, F2 (Popup, 2LF, EV 90.0 MPH)
Top of the 6th over - 0 runs, 1 hit, 0 errors, 1 left on base; Brooklyn 3 - Athletic Club KC 5
BOTTOM OF THE 6TH
Athletic Club KC batting - Pitching for Brooklyn Dodgers : RHP Rod Watts
Batting: LHB Miguel Fernández 0-0: Ball
1-0: Ball
2-0: Fly out, F6 (Popup, 6D, EV 45.0 MPH)
Batting: RHB José de la Cavallería 0-0: Ball
1-0: Called Strike
1-1: Fly out, F8 (Flyball, 8LM, EV 83.1 MPH)
Batting: SHB Noel Lancaster 0-0: Called Strike
0-1: Ball
1-1: Swinging Strike
1-2: Foul Ball, location: 2F
1-2: Fly out, F8 (Flyball, 8LM, EV 83.8 MPH)
Bottom of the 6th over - 0 runs, 0 hits, 0 errors, 0 left on base; Brooklyn 3 - Athletic Club KC 5
TOP OF THE 7TH
Brooklyn Dodgers batting - Pitching for Athletic Club KC : LHP Marcos Tejedor
Batting: RHB Bill Chaundler 0-0: Ball
1-0: Swinging Strike
1-1: DOUBLE (Flyball, 8RXD, EV 91.9 MPH)
Pitching: RHP Ray McKendrick
Batting: LHB Jung-joon Yi 0-0: Called Strike
0-1: Foul Ball, location: 2F
0-2: Ball
1-2: Foul Ball, location: 2F
1-2: Foul Ball, location: 2F
1-2: Foul Ball, location: 2F
1-2: Strikes out looking
Batting: RHB Phil Sherman 0-0: Ball
1-0: SINGLE (Groundball, 34D, EV 100.6 MPH)
Bill Chaundler to third
Runner from 3rd tries for Home, SAFE, throw by RF to home
Batting: SHB Fa-hsien Tze 0-0: Reached on error, E5 (Groundball, 56S, EV 93.1 MPH)
Phil Sherman to second
Pinch Hitting: LHB Aaron Day 0-0: Called Strike
0-1: Foul Ball, location: 2F
0-2: Ball
1-2: Fielders Choice at 2nd, 4-6 (Groundball, 4, EV 91.9 MPH)
Phil Sherman to third
Batting: RHB Germán Espantoso 0-0: Ground out 6-3 (Groundball, 56D, EV 100.0 MPH)
Top of the 7th over - 1 run, 2 hits, 1 error, 2 left on base; Brooklyn 4 - Athletic Club KC 5
BOTTOM OF THE 7TH
Athletic Club KC batting - Pitching for Brooklyn Dodgers : RHP Rod Watts
Now at 3B: Hugh Hill
Batting: RHB Shane Reyes 0-0: Foul Ball, location: 2F
0-1: SINGLE (Groundball, 4MD, EV 100.6 MPH)
Batting: RHB Gabriel Martínez 0-0: Called Strike
0-1: Ball
1-1: Grounds into double play, 3-6-1 (Groundball, 34, EV 96.2 MPH)
Batting: LHB César Núñez 0-0: Ball
1-0: Called Strike
1-1: Called Strike
1-2: Ball
2-2: Ball
3-2: Foul Ball, location: 2F
3-2: SOLO HOME RUN (Flyball, 9D, EV 95.6 MPH), Distance : 375 ft
Pitching: RHP Cliff Claven
Batting: RHB Ali Ben Bongo 0-0: Ball
1-0: Called Strike
1-1: Ball
2-1: Foul Ball, location: 2F
2-2: Ball
3-2: Foul Ball, location: 2F
3-2: Reaches on Catchers interference
Batting: RHB Jimbob Ghostkeeper 0-0: Called Strike
0-1: Fly out, F8 (Flyball, 8RD, EV 107.5 MPH)
Bottom of the 7th over - 1 run, 2 hits, 1 error, 1 left on base; Brooklyn 4 - Athletic Club KC 6
TOP OF THE 8TH
Brooklyn Dodgers batting - Pitching for Athletic Club KC : RHP Ray McKendrick
Batting: RHB Quindarious Monday 0-0: Ball
1-0: Ground out 5-3 (Groundball, 56S, EV 88.8 MPH)
Batting: SHB Koryusai Ohayashi 0-0: Called Strike
0-1: Ball
1-1: Ball
2-1: SINGLE (Groundball, 56D, EV 100.6 MPH)
Batting: LHB Tony Wonder 0-0: Ball
1-0: Ball
Wild Pitch!
Koryusai Ohayashi to second
2-0: Foul Ball, location: 2F
2-1: Foul Ball, location: 2F
2-2: Foul Ball, location: 2F
2-2: Ground out 4-3 (Groundball, 4MD, EV 80.0 MPH)
Koryusai Ohayashi to third
Batting: RHB Bill Chaundler 0-0: Ball
1-0: Foul Ball, location: 2F
1-1: Ball
2-1: Ball
3-1: Base on Balls
Batting: LHB Jung-joon Yi 0-0: Swinging Strike
0-1: Swinging Strike
0-2: Ball
1-2: Foul Ball, location: 2F
1-2: Ball
2-2: Strikes out looking
Top of the 8th over - 0 runs, 1 hit, 0 errors, 2 left on base; Brooklyn 4 - Athletic Club KC 6
BOTTOM OF THE 8TH
Athletic Club KC batting - Pitching for Brooklyn Dodgers : RHP Cliff Claven
Batting: RHB Shou-xin Quian 0-0: Ground out 6-3 (Groundball, 6, EV 85.6 MPH)
Batting: LHB Miguel Fernández 0-0: Called Strike
0-1: Called Strike
0-2: Ball
1-2: Ball
2-2: Strikes out swinging
Batting: RHB José de la Cavallería 0-0: Ball
1-0: SINGLE (Groundball, 6, EV 86.2 MPH) (infield hit)
Batting: SHB Noel Lancaster 0-0: Fly out, F5 (Line Drive, 5, EV 66.9 MPH)
Bottom of the 8th over - 0 runs, 1 hit, 0 errors, 1 left on base; Brooklyn 4 - Athletic Club KC 6
TOP OF THE 9TH
Brooklyn Dodgers batting - Pitching for Athletic Club KC : RHP Ray McKendrick
Batting: RHB Phil Sherman 0-0: Ball
1-0: Called Strike
1-1: Foul Ball, location: 2F
1-2: Ball
2-2: Foul Ball, location: 2F
2-2: SINGLE (Line Drive, 7S, EV 91.2 MPH)
Pitching: LHP Indigo Diaz
Batting: SHB Fa-hsien Tze 0-0: Ball
1-0: Called Strike
1-1: Ball
2-1: Ball
3-1: Fielders Choice at 2nd, 4-6 (Groundball, 4, EV 86.9 MPH)
Pinch Hitting: RHB Carlos Muñóz 0-0: Called Strike
0-1: Swinging Strike
0-2: Ball
1-2: Foul Ball, location: 2F
1-2: Ball
2-2: Strikes out swinging
Batting: RHB Germán Espantoso 0-0: Ball
1-0: Ground out 6-3 (Groundball, 6S, EV 86.2 MPH)
Top of the 9th over - 0 runs, 1 hit, 0 errors, 1 left on base; Brooklyn 4 - Athletic Club KC 6
Tuesday, January 5th, 2021 - OOTP Baseball 20.8 Build 74